AoeStats
← Malelf

Arabia

506929457Analyzed
1v1 RM · 16d ago on Sep 15, 2026· 18m 57s· 2 players
Game mode
Random Map
Map size
Tiny (2 player)
Population
200
Speed
Normal
Resources
Standard
Victory
Conquest
Starting age
Dark Age
Ending age
Imperial Age
RankedLock teamsTeams togetherTeam positionsShared explorationLock speedFull tech treeHidden civsTurbo modeCheats
Victory
Defeat
🇧🇪 Aztecs · Belgium
1703
+14
🇮🇹 Franks · Italy
1665
-14
Malelf
9:58 Loom
12:02 Feudal Age
12:50 Double-Bit Axe
16:03 Fletching
16:24 Forging
Cooper
8:26 Loom
11:24 Feudal Age
11:26 Man-at-Arms
13:39 Double-Bit Axe
14:51 Fletching
Connection lost

Rejoining the realm…

Still unreachable

The connection could not be restored.

Session expired

The server has moved on; the page needs a fresh start.